AoeStats
← Santi/ARG/

African Clearing

510550168Analyzed
2v2 RM · 11h ago on Oct 1, 2026· 39m 14s· 4 players
Game mode
Random Map
Map size
Medium (4 player)
Population
200
Speed
Normal
Resources
Standard
Victory
Conquest
Starting age
Dark Age
Ending age
Imperial Age
RankedLock teamsTeams togetherTeam positionsShared explorationLock speedFull tech treeHidden civsTurbo modeCheats
Victory
Defeat
🇦🇷 Slavs · Argentina
1044
+16
🇷🇺 Armenians · Russia
1014
+18
🇺🇸 Danes · United States
1057
-17
🇦🇷 Maya · Argentina
1048
-17
Santi/ARG/
13:58 Feudal Age
14:47 Loom
15:03 Double-Bit Axe
15:18 Horse Collar
17:58 Forging
18:46 Scale Barding Armor
23:01 Castle Age
21:44 Bloodlines
21:35 Gold Mining
25:03 Heavy Plow
25:14 Bow Saw
25:41 Gold Shaft Mining
26:34 Chain Barding Armor
28:02 Iron Casting
29:33 Husbandry
30:58 Stone Mining
32:08 Wheelbarrow
40:26 Imperial Age
38:14 Hand Cart
B O M B E R
12:51 Loom
14:44 Feudal Age
16:13 Arson
15:50 Man-at-Arms
17:06 Scale Mail Armor
17:17 Forging
18:10 Long Swordsman
25:37 Castle Age
27:38 Squires
27:24 Gambesons
30:56 Two-Handed Swordsman
Dirty F150
6:03 Loom
13:12 Feudal Age
14:10 Double-Bit Axe
17:43 Castle Age
16:33 Scale Mail Armor
Julianm93
4:29 Loom
12:20 Feudal Age
19:11 Castle Age
17:24 Double-Bit Axe
19:25 Forging
20:16 Bow Saw
19:39 Pikeman
20:13 Fletching
28:17 Wheelbarrow
Connection lost

Rejoining the realm…

Still unreachable

The connection could not be restored.

Session expired

The server has moved on; the page needs a fresh start.